Unix NetHack Version 3.7.0-97 Work-in-progress - last build Jan 15 2024 16:18:24 (bf5c21b99e62e8a7a5668a06ec9a5d408df58fe5,branch:master). Game began 2024-01-18 09:13:19, ended 2024-01-18 09:28:41. elenmirie, lawful female human Knight ----- ----- ---------- ------- -.......-----. ---..<| .. . .. |.....| |..--.........|..-.....| -.--|---|- |.._..| |..|--------..|...%|..- |.-|.. |.. --- |.....| |..| -......|.- ---..-|---..|---..| ---|--- -..| .....%.|-- -+--........--|-.....-+-- |.| --...-- .---- |................--......- |.| |.....| --..--|--------..|-....... --.- |........ ------ --..|.........|--|....{... -----... |........ |.%%%| |...|**+*%.)?!| |.......- ---....... |.....).. |....| |...----------- ---....------ --......-- --..-..... --- --|--- --.......| ------|....|...|..--.|...---..| .|..|)...|-...---.- -------.| |(((.|-...---........|....-|... . |..|..............-- |.| |.(..-.%%--.....-..........--..-..--%---|................+ |.| |(.(.|-... ............G...|.........%.%%..----....{.....----- ---|--.| ------|.. ..... .-..........-.------.--+-- --............%.| ..|...%.- ....... |(.(.|[| |.........-----+- .G@.u{...| ....... |.((.-.| -------.)-- ..|...... |((/.|-- --- -------- ------ Elenmirie the Esquire St:16 Dx:8 Co:12 In:7 Wi:15 Ch:17 Lawful Dlvl:6 $:30 HP:0(42) Pw:49(49) AC:2 Xp:5/318 T:2544 Burdened Latest messages: Arod misses the giant ant. Arod bites the giant ant. The giant ant misses Arod. The giant ant misses! Arod hits the giant ant. Arod bites the giant ant. The giant ant is killed! This door is locked. Unlock it with your lock pick? [ynq] (q) y You succeed in picking the lock. The door opens. The gnome lord swings his aklys. The gnome lord hits! You miss the gnome. Arod hits the dog. Arod bites the dog. The dog misses Arod. The gnome lord swings his aklys. The gnome lord hits! Arod hits the dog. Arod bites the dog. You hear crashing rock. Arod hits the dog. The dog is killed! The gnome lord swings his aklys. The gnome lord just misses! The gnome lord swings his aklys. The gnome lord misses! The gnome misses! You miss the gnome. You miss the gnome. You miss the gnome. The gnome hits! You miss the gnome. The gnome hits! The gnome hits! You miss the gnome. You hit the gnome. The gnome hits! You kill the gnome! The gnome lord swings his aklys. The gnome lord hits! The gnome lord swings his aklys. The gnome lord hits! You die... Do you want your possessions identified? [ynq] (y) y Do you want to see your attributes? [ynq] (y) y Do you want an account of creatures vanquished? [ynaq] (y) y Do you want to see your conduct and achievements? [ynq] (y) y Do you want to see the dungeon overview? [ynq] (y) y Inventory: Coins $ - 30 gold pieces Amulets s - an uncursed amulet of reflection (being worn) Weapons B - an uncursed +0 elven spear (weapon in right hand) b - an uncursed +1 lance (alternate weapon; not wielded) Armor d - an uncursed +0 helmet (being worn) f - an uncursed +0 pair of leather gloves (being worn) p - an uncursed +0 pair of low boots (being worn) z - an uncursed +0 small shield (being worn) c - an uncursed +1 ring mail (being worn) Comestibles g - 11 uncursed apples h - 11 uncursed carrots q - an uncursed food ration C - an uncursed partly eaten food ration l - an uncursed lembas wafer Scrolls m - an uncursed scroll of enchant weapon i - an uncursed scroll of remove curse Potions w - an uncursed potion of healing o - 2 uncursed potions of monster detection A - an uncursed potion of object detection t - an uncursed potion of water Wands r - an uncursed wand of striking (0:4) Tools y - an empty uncursed sack e - an uncursed lock pick v - an uncursed oil lamp x - an uncursed towel k - a cursed partly used wax candle (lit) Elenmirie the Knight's attributes: Background: You were an Esquire, a level 5 female human Knight. You were lawful, on a mission for Lugh who was opposed by Brigit (neutral) and Manannan Mac Lir (chaotic). You were right-handed. You were in the Gnomish Mines, on level 6. You entered the dungeon 2544 turns ago. You had 318 experience points, 2 more were needed to attain level 6. Basics: You had 0 out of 42 hit points. You had all 49 energy points (spell power). Your armor class was 2. Your wallet contained 30 zorkmids. Autopickup was on for '$' plus thrown. Final Characteristics: Your strength was 16 (limit:18/100). Your dexterity was 8 (limit:18). Your constitution was 12 (limit:18). Your intelligence was 7 (limit:18). Your wisdom was 15 (limit:18). Your charisma was 17 (limit:18). Final Status: You weren't hungry. You were burdened; movement was slightly slowed. You were wielding a spear. You were unskilled in spear. Final Attributes: You were piously aligned. You could jump. You were warded. You had reflection. You are dead. Miscellaneous: You never encountered a bones level. Total elapsed playing time was 15 minutes and 20 seconds. Major events: Turn 1: elenmirie the lawful female human Knight entered the dungeon 346: attained the rank of Esquire (level 3) 760: entered the Gnomish Mines 1878: reached Mine Town 2544: killed by a gnome lord Vanquished creatures: a small mimic a gnome ruler a dog a housecat an imp a wood nymph a water nymph 9 Mordor orcs 5 gnome leaders 2 gnomish wizards 2 giant ants 7 dwarves a kobold leader a giant bat 8 coyotes a hobbit 2 cave spiders 30 gnomes a gnome zombie a gecko 3 jackals 2 foxes 5 goblins 4 grid bugs 6 lichens 3 newts 100 creatures vanquished. No species were genocided or became extinct. Voluntary challenges: You were illiterate. You never engraved Elbereth. You never genocided any monsters. You never polymorphed an object. You never changed form. You used no wishes. Achievements: You attained the rank of Esquire. You entered the Gnomish Mines. You entered Minetown. You entered a shop. You entered a temple. The Dungeons of Doom: levels 1 to 3 Level 1: Many altars. Level 2: Some fountains. Stairs down to The Gnomish Mines. Level 3: The Gnomish Mines: levels 3 to 6 Level 3: Level 4: Level 5: Level 6: <- You were here. A temple and an altar to Lugh, many fountains. Final resting place for you, killed by a gnome lord. Game over: ---------- / \ / REST \ / IN \ / PEACE \ / \ | elenmirie | | 30 Au | | killed by a | | gnome lord | | | | | | 2024 | *| * * * | * _________)/\\_//(\/(/\)/\//\/|_)_______ Fare thee well elenmirie the Knight... You died in The Gnomish Mines on dungeon level 6 with 1559 points, and 30 pieces of gold, after 2544 moves. You were level 5 with a maximum of 42 hit points when you died.